 Dungeon Crawl Stone Soup version 0.17.0-56-gd8de76c (webtiles) character file.

200 gorblad the Skirmisher (level 5, -8/48 HPs)
             Began as a Minotaur Fighter on Dec 5, 2015.
             Mangled by an ogre
             ... wielding a +0 giant club
              (13 damage)
             ... on level 4 of the Dungeon.
             The game lasted 00:06:01 (2001 turns).

gorblad the Skirmisher (Minotaur Fighter)           Turns: 2001, Time: 00:06:01

Health: -8/48      AC: 14    Str: 21    XL:     5   Next: 48%
Magic:  4/4        EV:  4    Int:  5    God:
Gold:   165        SH: 10    Dex: 10    Spells: 0 memorised, 4 levels left

rFire  . . .     SeeInvis .     t - +1 hand axe (flame)
rCold  . . .     Clarity  .     g - +1 plate armour
rNeg   + . .     SustAt   .     c - +1 shield
rPois  .         Gourm    .     (helmet restricted)
rElec  .         Spirit   .     m - +0 cloak
rCorr  .         Warding  .     (no gloves)
rMut   .         Stasis   .     (no boots)
MR     .....                    (no amulet)
Stlth  ..........               (no ring)
                                p - ring of positive energy

@: about to teleport, not resistant to hostile enchantments, extremely
unstealthy
A: retaliatory headbutt, horns 2
a: no special abilities


You were on level 4 of the Dungeon.
You were not hungry.

You visited 1 branch of the dungeon, and saw 4 of its levels.

You collected 165 gold pieces.

Inventory:

Hand Weapons
 a - a +1 war axe
 t - a +1 hand axe of flaming (weapon)
Armour
 b - a +0 scale mail
 c - a +1 shield (worn)
 g - a +1 plate armour (worn)
 m - a +0 cloak (worn)
Jewellery
 p - a ring of positive energy (left hand)
Wands
 q - a wand of random effects (9)
Scrolls
 n - 2 scrolls of identify
 u - 3 scrolls of remove curse
 x - a scroll of enchant weapon
Potions
 d - 2 potions of might
 j - a potion of experience
 l - a potion of ambrosia
 s - a potion of resistance
 w - a potion of mutation
Comestibles
 e - 2 bread rations
 h - 2 slices of pizza
 i - a chunk of flesh
 r - a beef jerky
 v - a meat ration


   Skills:
 + Level 5.1 Fighting
 + Level 3.6 Axes
 + Level 4.7 Armour
 + Level 1.2 Dodging
 + Level 4.7 Shields


You had 4 spell levels left.
You didn't know any spells.

Dungeon Overview and Level Annotations

Branches:
Dungeon (4/15)
 Temple: D:4-7

Altars:
Nemelex Xobeh

Annotations:
D:4 Purgy


Innate Abilities, Weirdness & Mutations

You reflexively headbutt those who attack you in melee.
You have a pair of horns on your head.


Message History

You hit the ogre. You burn the ogre.
The ogre is heavily wounded.
You barely miss Purgy.
Purgy is heavily wounded.
The ogre closely misses you. Purgy bites you but does no damage.
Purgy barely misses you. Purgy claws you but does no damage.
You barely miss the ogre.
You headbutt the ogre, but do no damage.
The ogre is heavily wounded.
You hit Purgy. You burn Purgy.
Purgy is heavily wounded.
Purgy bites you. Purgy claws you but does no damage.
Purgy claws you but does no damage. The ogre hits you with a giant club!
* * * LOW HITPOINT WARNING * * *
Read which item? (? for menu, Esc to quit)
As you read the scroll of teleportation, it crumbles to dust.
You feel strangely unstable. Purgy bites you but does no damage.
Purgy claws you but does no damage. x2
The ogre hits you with a giant club!
You die...

....+.. #....#...
##........ #.......#
#.......# #.......#
###.......#
######.......#
##<..T@.##....#
#....O#.##....#
#..!.##+####'##.##
............#..<....#
##.#...##...##..#.#.#
#..... ...##..#...
....... ..##.## ##.#
##..... ..... #
.....## .###


You could see Purgy and an ogre.

Vanquished Creatures
  2 orc wizards (D:3)
  4 adders
  3 gnolls (D:2)
  An ooze (D:1)
  8 orcs (D:3)
  12 bats
  A giant cockroach (D:2)
  7 goblins
  10 hobgoblins
  3 giant newts
  10 kobolds
  6 rats
67 creatures vanquished.

Notes
Turn   | Place    | Note
--------------------------------------------------------------
     0 | D:1      | gorblad the Minotaur Fighter began the quest for the Orb.
     0 | D:1      | Reached XP level 1. HP: 19/19 MP: 0/0
   176 | D:1      | Reached skill level 4 in Fighting
   176 | D:1      | Reached XP level 2. HP: 21/27 MP: 1/1
   391 | D:1      | Reached XP level 3. HP: 31/33 MP: 2/2
   742 | D:2      | Reached XP level 4. HP: 41/41 MP: 3/3
  1429 | D:3      | Reached XP level 5. HP: 41/47 MP: 4/4
  1532 | D:3      | Reached skill level 5 in Fighting
  1580 | D:3      | Found a sparkling altar of Nemelex Xobeh.
  1848 | D:3      | Reached skill level 1 in Dodging
  1977 | D:4      | Noticed Purgy
  1978 | D:4      | Noticed an ogre
  2001 | D:4      | Mangled by an ogre

Action                   |  1- 3 |  4- 6 || total
-------------------------+-------+-------++-------
Melee: War axe           |    60 |    18 ||    78
       Hand axe          |       |    77 ||    77
  Use: Scroll            |     6 |     9 ||    15
       Potion            |       |     2 ||     2
  Eat: Chunk             |       |     4 ||     4
